 Dungeon Crawl Stone Soup version 0.16-a0-783-gf476f6a (webtiles) character file.

1641 RobertPalmer the Basher (level 8, 0/62 HPs)
             Began as an Ogre Wizard on Sept 26, 2014.
             Shot with an arrow by a centaur (15 damage)
             ... on Level 7 of the Dungeon.
             The game lasted 00:29:47 (9704 turns).

RobertPalmer the Basher (Ogre Wizard)               Turns: 9704, Time: 00:29:48

HP   0/62        AC  8     Str 13      XL: 8   Next: 99%
MP   9/15        EV 10     Int 18 (19) God:
Gold 314         SH  0     Dex 10      Spells:  4 memorised,  7 levels left

rFire  + . .     SeeInvis .     a - +0 giant spiked club
rCold  . . .     Clarity  .     i - +2 robe {rF+} (curse)
rNeg   . . .     rCorr    .     (shield restricted)
rPois  .         rRot     .     o - +1 hat
rElec  .         Spirit   .     e - +0 cloak
SustAb .         Warding  .     (gloves unavailable)
rMut   .         Stasis   .     (boots unavailable)
Gourm  .                        (no amulet)
MR     .....                    (no ring)
                                y - ring of flight

@: very slightly contaminated, not resistant to hostile enchantments, very
unstealthy
A: unfitting armour, talons 1, rugged brown scales 1, clever 1, frail 1, low mp
1, spit poison 1, tough skin 1
a: Spit Poison, Evoke Flight


You were on level 7 of the Dungeon.
You were very hungry.

You visited 1 branch of the dungeon, and saw 7 of its levels.

You collected 314 gold pieces.


Innate Abilities, Weirdness & Mutations

You are too large for most types of armour.
You have tough skin (AC +1).
You have sharp toenails.
You are partially covered in rugged brown scales (AC +1, +3% HP).
Your mind is acute. (Int +2)
You are frail (-10% HP).
Your magical capacity is low (-10% MP).
You can spit poison.


   Skills:
 + Level 13.6 Maces & Flails
 - Level 1.9 Dodging
 - Level 1.5 Stealth
 - Level 3.6 Spellcasting
 - Level 0.6 Conjurations
 - Level 0.6 Summonings
 - Level 0.6 Translocations


You had 7 spell levels left.
You knew the following spells:

 Your Spells              Type           Power        Failure   Level  Hunger
b - Blink                 Tloc           N/A          17%         2    ##.....
d - Repel Missiles        Chrm/Air       #.....       28%         2    ##.....
x - Call Imp              Summ           #.......     17%         2    ##.....
z - Magic Dart            Conj           #...         12%         1    None

Inventory:

Hand weapons
 a - a +0 giant spiked club (weapon)
 b - a +2 dagger of electrocution
Missiles
 h - 5 tomahawks (quivered)
 q - 8 poisoned needles
Armour
 e - a +0 cloak (worn)
 i - a cursed +2 robe of fire resistance (worn)
 o - a +1 hat (worn)
Magical devices
 g - a wand of draining (0)
Comestibles
 d - 3 meat rations
 m - 6 bread rations
 u - 2 beef jerkies
Scrolls
 j - a scroll of identify
 k - a scroll of enchant armour
 n - a scroll of teleportation
Jewellery
 y - a ring of flight (left hand)
Potions
 f - 2 potions of curing
 l - 2 potions of brilliance
 z - a potion of cancellation
 C - a potion of porridge
 D - 2 potions of resistance
Books
 c - a book of Minor Magic

Dungeon Overview and Level Annotations

Branches:
Dungeon (7/15)
 Temple: D:4-7

Altars:
Dithmenos
Nemelex Xobeh
Okawaru
Qazlal
Zin
The Shining One

Annotations:
D:7 ztt's ghost, experienced VSBe

+....................
########.####.###....#
#.....§...##.# ....#
++.....#§#.##.# #...#
......#§§§#...####...####+###
..###.#§#.#................. .
#§§§.§§§§§..###...........
....§#.#.#§###W###............
..#####§§§#...c(@5...<........
. #.#...#.#####..........
...###.#.# #..###.#### .
##.#'######.#.......
#........##..........
#........###..._.....
#.........##.........
#.<..................
#...................


You could see a phantom, a centaur and a friendly crimson imp.


Message History

The phantom is lightly damaged.
The phantom barely misses you.
You hit the phantom.
The phantom is moderately damaged.
The phantom hits you.
The phantom blinks!
You hit the phantom.
The phantom is moderately damaged.
The phantom hits you.
The phantom blinks!
The phantom hits you.
* * * LOW HITPOINT WARNING * * *
The phantom blinks!
You blink.
The phantom hits you.
* * * LOW HITPOINT WARNING * * *
That item cannot be evoked!
A beastly little devil appears in a puff of flame.
The phantom hits you.
* * * LOW HITPOINT WARNING * * *
You miscast Call Imp.
You are very lightly contaminated with residual magic.
Your brain hurts!
The phantom closely misses you.
The centaur shouts!
The centaur shoots an arrow.
The arrow closely misses you.
You see here an arrow.
The centaur shoots an arrow.
The arrow hits you!
* * * LOW HITPOINT WARNING * * *
You see here an arrow.
A beastly little devil appears in a puff of flame.
You are feeling very hungry.
The centaur shoots an arrow.
The arrow hits you!
You die...

Action                   |  1- 3 |  4- 6 |  7- 9 || total
-------------------------+-------+-------+-------++-------
Melee: Mace              |   113 |       |       ||   113
       Unarmed           |     5 |       |       ||     5
       Dagger            |       |   139 |     8 ||   147
       Giant spiked club |       |    11 |   237 ||   248
Throw: Tomahawk          |       |       |     6 ||     6
 Cast: Magic Dart        |    32 |    17 |     5 ||    54
       Call Imp          |     4 |    43 |    38 ||    85
       Repel Missiles    |       |     1 |     1 ||     2
       Blink             |       |       |     8 ||     8
Evoke: Wand              |       |       |     1 ||     1
  Use: Potion            |     1 |     6 |     7 ||    14
       Scroll            |       |     6 |    12 ||    18
 Stab: Sleeping          |     3 |     2 |       ||     5
       Invisible         |       |       |     3 ||     3
       Distracted        |       |       |     1 ||     1
  Eat: Chunk             |     3 |    10 |    12 ||    25
       Royal jelly       |       |     1 |       ||     1
       Fruit             |       |       |     3 ||     3
       Beef jerky        |       |       |     1 ||     1

Vault maps used:
D:1:      dpeg_arrival_tiny_i, grunt_decor_arrowhead, minmay_close_crescents
D:2:      old_standard_altar, first_bread, minmay_cupped
D:3:      lemuel_coloured_pillars_altar, okawaru_ov_weapons_minmay
D:4:      nicolae_qazlal_general_emergency, kennysheep_mini_moat,
          minmay_misc_feat_chi, uniq_duvessa, uniq_natasha, uniq_menkaure,
          uniq_iyjb
D:5:      uniq_edmund
D:6:      sword_in_stone, uniq_eustachio
D:7:      gammafunk_temple_overflow_elements, grunt_dithmenos_smoke_and_mirrors,
          temple_pool_b, basic_altar

Notes
Turn   | Place    | Note
--------------------------------------------------------------
     0 | D:1      | RobertPalmer, the Ogre Wizard, began the quest for the Orb.
     0 | D:1      | Reached XP level 1. HP: 16/16 MP: 4/4
    93 | D:1      | Reached skill level 1 in Maces & Flails
   298 | D:1      | Reached XP level 2. HP: 19/24 MP: 6/6
   303 | D:1      | Reached skill level 2 in Maces & Flails
   812 | D:1      | Reached skill level 3 in Maces & Flails
   880 | D:1      | Reached XP level 3. HP: 21/31 MP: 8/8
  1454 | D:1      | Learned a level 2 spell: Blink
  1457 | D:1      | Learned a level 2 spell: Repel Missiles
  1460 | D:1      | Learned a level 2 spell: Call Imp
  1542 | D:2      | Reached skill level 4 in Maces & Flails
  1763 | D:2      | Found a glowing golden altar of the Shining One.
  1985 | D:2      | Reached XP level 4. HP: 20/39 MP: 1/10
  2693 | D:2      | Reached skill level 5 in Maces & Flails
  3203 | D:3      | Found an iron altar of Okawaru.
  3383 | D:3      | Reached skill level 6 in Maces & Flails
  3383 | D:3      | Reached XP level 5. HP: 39/45 MP: 2/11
  3892 | D:3      | Found a glowing silver altar of Zin.
  3930 | D:4      | Noticed Ijyb
  3964 | D:4      | Reached skill level 7 in Maces & Flails
  3979 | D:4      | Noticed Dowan
  3981 | D:4      | Noticed Duvessa
  3984 | D:4      | Reached XP level 6. HP: 53/53 MP: 13/13
  4002 | D:4      | Noticed an ogre
  4019 | D:5      | Entered Level 5 of the Dungeon
  4405 | D:5      | Reached skill level 8 in Maces & Flails
  5149 | D:5      | Noticed Edmund
  5214 | D:5      | Gained mutation: Your magical capacity is low (-10% MP). [potion of mutation]
  5214 | D:5      | Gained mutation: You are frail (-10% HP). [potion of mutation]
  5214 | D:5      | Gained mutation: You are partially covered in rugged brown scales (AC +1, +3% HP). [potion of mutation]
  5230 | D:5      | Reached skill level 9 in Maces & Flails
  5230 | D:5      | Reached XP level 7. HP: 36/54 MP: 7/13
  5259 | D:5      | Killed Edmund
  5260 | D:5      | Gained mutation: You have sharp toenails. [potion of mutation]
  5260 | D:5      | Gained mutation: You can spit poison. [potion of mutation]
  5260 | D:5      | Gained mutation: Your mind is acute. (Int +2) [potion of mutation]
  5551 | D:5      | Reached skill level 10 in Maces & Flails
  6181 | D:4      | Found a stormy altar of Qazlal.
  6209 | D:5      | Reached skill level 11 in Maces & Flails
  6407 | D:5      | Reached XP level 8. HP: 57/62 MP: 15/15
  6669 | D:6      | Noticed Blork the orc
  6669 | D:6      | Noticed Eustachio
  6958 | D:6      | Killed Blork the orc
  6998 | D:6      | Killed Eustachio
  7025 | D:6      | Reached skill level 12 in Maces & Flails
  7521 | D:4      | Killed Ijyb
  7875 | D:4      | Identified 2 potions of resistance
  7890 | D:4      | Killed an ogre
  7967 | D:4      | Killed Duvessa
  8258 | D:4      | Noticed Natasha
  8268 | D:4      | Killed Natasha
  8268 | D:4      | Reached skill level 13 in Maces & Flails
  8271 | D:4      | Found a sparkling altar of Nemelex Xobeh.
  8418 | D:4      | Noticed Menkaure
  8427 | D:4      | Killed Dowan
  8557 | D:4      | Noticed Natasha
  8564 | D:4      | Killed Natasha
  8591 | D:4      | Noticed Natasha
  9048 | D:4      | Killed Menkaure
  9180 | D:4      | Killed Natasha
  9518 | D:7      | Noticed ztt's ghost (experienced VSBe)
  9623 | D:7      | Found a shadowy altar of Dithmenos.
  9639 | D:7      | Found a shadowy altar of Dithmenos.
  9704 | D:7      | Shot with an arrow by a centaur

Vanquished Creatures
  Eustachio (D:6)
  Edmund (D:5)
  Menkaure (D:4)
  An ice beast (D:5)
  An ogre (D:5)
  Duvessa (D:4)
  A centaur (D:5)
  A giant frog (D:6)
  2 scorpions
  A hippogriff skeleton (D:5)
  Dowan (D:4)
  5 orc wizards
  5 worker ants
  Natasha (thrice) (D:4)
  Ijyb (D:4)
  A hound skeleton (D:4)
  3 gnolls
  6 adders
  A shadow imp (D:5)
  2 giant mites
  An orc skeleton (D:6)
  A giant gecko (D:1)
  12 orcs
  2 ball pythons
  A bat skeleton (D:5)
  8 giant cockroaches
  18 goblins
  12 hobgoblins
  5 jackals
  12 kobolds
  2 quokkas
  13 bats
  8 giant newts
  A giant newt zombie (D:5)
  15 rats
150 creatures vanquished.

Vanquished Creatures (collateral kills)
  An ogre (D:4)
  Blork the orc (D:6)
  A giant frog skeleton (D:5)
  5 orc wizards
  6 gnolls
  3 adders
  A worm (D:2)
  4 orcs
  2 goblins
  A hobgoblin (D:5)
25 creatures vanquished.

Vanquished Creatures (others)
  2 crimson imps
  3 shadow imps
  6 white imps
11 creatures vanquished.

Grand Total: 186 creatures vanquished
